 Dungeon Crawl Stone Soup version 0.30-a0-462-gd5975efbca (webtiles) character file.

Game seed: 10190929253988938921

7210 funkygono the Thaumaturge (level 10, 0/65 HPs)
             Began as a Demonspawn Fire Elementalist on Dec 16, 2022.
             Was a Believer of Vehumet.
             Succumbed to a hornet's poison
             ... on level 9 of the Dungeon.
             The game lasted 00:22:01 (13234 turns).

funkygono the Thaumaturge (DsFE)                   Turns: 13234, Time: 00:22:02

Health: 0/65       AC:  4    Str:  8    XL:     10   Next: 87%
Magic:  23/24      EV: 18    Int: 21    God:    Vehumet [**....]
Gold:   823        SH:  6    Dex: 14    Spells: 16/29 levels left

rFire   . . .      SeeInvis .    p - +5 quarterstaff (venom)
rCold   + . .      Faith    .    (shield currently unavailable)
rNeg    . . .      Spirit   .    a - +0 robe
rPois   .          Reflect  .    r - +0 helmet
rElec   .          Harm     .    (no cloak)
rCorr   .          Rampage  .    (no gloves)
Will    .....                    x - +0 pair of boots
Stlth   ++........               (no amulet)
HPRegen 0.30/turn                E - ring of protection from cold
MPRegen 0.19/turn                (no ring)

@: mighty, agile, lethally poisoned (0 -> -7)
A: claws 2, large bone plates 2, powered by pain 2, spiny 2
a: Renounce Religion


You were on level 9 of the Dungeon.
You worshipped Vehumet.
Vehumet was pleased with you.
You visited 2 branches of the dungeon, and saw 11 of its levels.
You also visited: Sewer.

You collected 823 gold pieces.

Inventory:

Hand Weapons
 p - a +5 quarterstaff of venom (weapon)
 s - a +0 flail
 u - a +0 whip
 w - a +0 falchion
 F - a +2 spectral quarterstaff
 M - a +3 long sword
Missiles
 k - a throwing net
Armour
 a - a +0 robe (worn)
 o - a +2 scale mail of cold resistance
 r - a +0 helmet (worn)
 x - a +0 pair of boots (worn)
 C - the +0 robe of the Thinker {Drain rElec rF+ rC+++}
   (You found it on level 3 of the Dungeon)

   rF:        It protects you from fire.
   rC:        It renders you almost immune to cold.
   rElec:     It insulates you from electricity.
   Drain:     It drains your maximum health when unequipped.
Magical Staves
 D - a staff of fire
Jewellery
 E - a ring of protection from cold (left claw)
 J - a ring of flight
Wands
 b - a wand of flame (23)
 v - a wand of acid (15)
 y - a wand of iceblast (9)
 L - a wand of paralysis (5)
Scrolls
 m - 5 scrolls of teleportation
 n - 3 scrolls of amnesia
 t - 3 scrolls of fear
 H - a scroll of fog
 I - a scroll of summoning {unknown}
 K - a scroll of blinking {unknown}
Potions
 c - 2 potions of curing
 d - 3 potions of flight
 e - a potion of lignification {unknown}
 f - 2 potions of mutation {unknown}
 g - 2 potions of invisibility
 h - 5 potions of might
 i - a potion of attraction {unknown}
 j - 3 potions of haste
 l - 3 potions of resistance
 q - 2 potions of heal wounds {unknown}
 z - a potion of brilliance {unknown}
 A - a potion of ambrosia {unknown}
 B - a potion of cancellation {unknown}
 G - a potion of berserk rage {unknown}


   Skills:
 + Level 1.2 Fighting
 + Level 1.3 Staves
 + Level 3.0 Dodging
 - Level 1.7 Stealth
 + Level 2.4 Shields
 + Level 10.0 Spellcasting
 + Level 7.0 Conjurations
 + Level 9.6 Fire Magic


You had 16 spell levels left.
You knew the following spells:

 Your Spells              Type           Power      Damage    Failure   Level
a - Foxfire               Conj/Fire      100%       2x1d9     1%          1
b - Scorch                Fire           100%       2d10      1%          2
c - Kindle Blastsparks    Fire/Tloc/Air  46%        2d13      5%          3
d - Flame Wave            Conj/Fire      45%        2d12      2%          4
e - Searing Ray           Conj           80%        2d7       1%          2
f - Sandblast             Erth           20%        2d7       6%          1

Your spell library contained the following spells:

 Spells                   Type           Power      Damage    Failure   Level
 Ignite Poison            Fire/Tmut/Pois 23%        N/A       5%          3
 Magic Dart               Conj           100%       1d8       1%          1
 Inner Flame              Hex/Fire       30%        N/A       2%          3
 Hailstorm                Conj/Ice       25%        3d7       4%          3
 Necrotise                Necr           40%        1d6       6%          1
 Sublimation of Blood     Necr           10%        N/A       10%         2
 Wereblood                Tmut           10%        N/A       10%         2
 Fulminant Prism          Conj/Hex       12%        3d8       16%         4
 Vampiric Draining        Necr           10%        2d6       19%         3
 Ice Form                 Ice/Tmut       10%        N/A       54%         4
 Agony                    Necr           10%        N/A       87%         5
 Alistair's Intoxication  Tmut/Pois      6%         N/A       87%         5
 Borgnjor's Vile Clutch   Necr/Erth      5%         N/A       87%         5
 Eringya's Noxious Bog    Tmut/Pois      5%         N/A       100%        6
 Simulacrum               Ice/Necr       5%         N/A       100%        6
 Summon Hydra             Summ           5%         N/A       100%        7


Dungeon Overview and Level Annotations

Branches:
Dungeon (10/15)            Temple (1/1) D:6            Lair (0/5) D:9
  Sewer (visited)
    Orc: D:9-12

Altars:
Ashenzari
Cheibriados
Dithmenos
Fedhas
Gozag
Hepliaklqana
Kikubaaqudgha
Makhleb
Nemelex Xobeh
Okawaru
Qazlal
Ru
Sif Muna
Trog
Uskayaw
Vehumet
Wu Jian
Xom
Yredelemnul

Shops:
D:4 *


Innate Abilities, Weirdness & Mutations

You have very sharp fingernails.
You are mostly covered in large bone plates. (SH +6)
You sometimes gain power by taking damage.
You are mostly covered in sharp spines.


Message History

Vehumet accepts your kill.
You feel your power returning. The howler monkey hits you.
The howler monkey hoots and howls with incredible vigour!
The vampire mosquito bites you.
The vampire mosquito draws strength from your injuries!
An orc priest comes into view. It is wielding a +0 short sword.
The vampire mosquito is struck by your spines.
The vampire mosquito bites you!
The vampire mosquito draws strength from your injuries!
You can move again.
Your Dodging skill increases to level 3!
Your Conjurations skill increases to level 7!
Unknown command.
You feel very sick.
The vampire mosquito is struck by your spines.
The vampire mosquito bites you.
The vampire mosquito draws strength from your injuries!
The vampire mosquito is struck by your spines.
The vampire mosquito closely misses you.
You block the howler monkey's attack. The vampire mosquito misses you.
The vampire mosquito is struck by your spines.
The vampire mosquito bites you.
* * * LOW HITPOINT WARNING * * *
The vampire mosquito draws strength from your injuries!
The howler monkey hoots and howls with incredible vigour!
The vampire mosquito is struck by your spines.
You destroy the vampire mosquito!
Vehumet accepts your kill.
The vampire mosquito is struck by your spines.
The vampire mosquito barely misses you.
The orc priest invokes the aid of Beogh against you.
Beogh smites you!
* * * LOW HITPOINT WARNING * * *
You focus on the pain.
You feel agile all of a sudden.
The orc shouts!
Your Spellcasting skill increases to level 10!
You climb upwards.
You feel yourself speed up.
You die...

...#.##.#
#.#............#
##.#.##.#
#.#####.########
#.#.##.# #.#.....#
#.#.##.#
#.#.############
##.#.##.#
#.#.#.........<#
...#.##.#
#.#.#.##########
...#.##.# #.#.#.#
##.#.##.########y#.#.#
...............h@#.#.#
################o#.#.#
))...............#.#.#
################.#.#.#
....# #...........#.#
###.####.#....##.###.#
##.......#..........(#
##.......#...........#
##.......#....##.###.#


You could see a vampire mosquito, a howler monkey (catching breath) and an orc.

Vanquished Creatures
  A two-headed ogre (D:9)
  Joseph (D:8)
  A hornet (D:10)
  A wraith (D:9)
  A vampire (D:10)
  5 wyverns
  2 vampire mosquitoes (D:10)
  5 water moccasins
  3 orc warriors
  3 sky beasts
  2 ice beasts
  2 black bears (D:9)
  2 wolves (D:9)
  2 centaurs
  2 phantoms (D:6)
  4 kobold brigands
  3 bullfrogs
  A gnoll sergeant (D:5)
  3 wights (D:8)
  17 killer bees
  7 howler monkeys
  6 hounds
  2 gnoll boudas
  6 orc priests
  4 iguanas
  10 orc wizards
  9 adders
  18 gnolls
  3 river rats (Sewer)
  3 worms
  6 dart slugs
  36 orcs
  5 endoplasms
  2 giant cockroaches
  10 goblins
  9 hobgoblins
  8 jackals
  31 kobolds
  3 quokkas
  8 ball pythons
  5 bats
  3 frilled lizards
  31 rats
  2 bushes (D:9)
288 creatures vanquished.

Vanquished Creatures (collateral kills)
  5 foxfires
5 creatures vanquished.

Vanquished Creatures (others)
  785 foxfires
  3 fungi (D:9)
  24 plants (D:9)
812 creatures vanquished.

Grand Total: 1105 creatures vanquished

Notes
Turn   | Place    | Note
-------+----------+-------------------------------------------
     0 | D:1      | funkygono the Demonspawn Fire Elementalist began the quest
                  | for the Orb.
     0 | D:1      | Reached XP level 1. HP: 13/13 MP: 3/3
   225 | D:1      | Gained mutation: You are partially covered in large bone
                  | plates. (SH +4) [demonic ancestry]
   225 | D:1      | Reached XP level 2. HP: 15/19 MP: 0/5
   513 | D:1      | Learned a level 2 spell: Scorch
  1002 | D:1      | Gained mutation: You have sharp fingernails. [demonic
                  | ancestry]
  1002 | D:1      | Reached XP level 3. HP: 24/24 MP: 2/6
  1144 | D:1      | Learned a level 3 spell: Kindle Blastsparks
  1910 | D:2      | Found a sacrificial altar of Ru.
  2239 | D:3      | Identified the +0 robe of the Thinker {Drain rElec rF+
                  | rC+++}
  2323 | D:3      | Gained mutation: You sometimes gain a little power by
                  | taking damage. [demonic ancestry]
  2323 | D:3      | Reached XP level 4. HP: 30/30 MP: 3/8
  2838 | D:3      | Found a burning altar of Makhleb.
  2838 | D:3      | Found a stormy altar of Qazlal.
  3433 | D:4      | Reached skill level 3 in Spellcasting
  3614 | D:4      | Gained mutation: You are mostly covered in large bone
                  | plates. (SH +6) [demonic ancestry]
  3614 | D:4      | Reached XP level 5. HP: 35/35 MP: 6/9
  3786 | D:4      | Learned a level 4 spell: Flame Wave
  4306 | D:4      | Found Aku Zipp's CLEARANCE SALE!.
  4668 | D:4      | Identified a scroll of acquirement
  4668 | D:4      | Acquired 306 gold pieces
  4748 | D:5      | Entered Level 5 of the Dungeon
  4814 | D:5      | Found a glowing drain.
  4817 | D:5      | Reached skill level 4 in Spellcasting
  4834 | Sewer    | Entered a sewer
  5298 | Sewer    | Reached XP level 6. HP: 40/41 MP: 8/12
  6163 | D:5      | Gained mutation: You are partially covered in sharp spines.
                  | [demonic ancestry]
  6163 | D:5      | Reached XP level 7. HP: 44/46 MP: 6/14
  6275 | D:5      | Reached skill level 5 in Spellcasting
  6687 | D:5      | Reached skill level 5 in Fire Magic
  7327 | D:6      | Gained mutation: You have very sharp fingernails. [demonic
                  | ancestry]
  7327 | D:6      | Reached XP level 8. HP: 27/52 MP: 7/16
  7505 | D:6      | Reached skill level 6 in Spellcasting
  7535 | D:6      | Learned a level 2 spell: Searing Ray
  7685 | D:6      | Found a staircase to the Ecumenical Temple.
  7698 | Temple   | Entered the Ecumenical Temple
  7746 | Temple   | Became a worshipper of Vehumet
  7897 | D:6      | Reached skill level 1 in Shields
  8657 | D:7      | Reached skill level 7 in Spellcasting
  8935 | D:7      | Reached skill level 5 in Conjurations
  8964 | D:7      | Gained mutation: You are mostly covered in sharp spines.
                  | [demonic ancestry]
  8964 | D:7      | Reached XP level 9. HP: 58/58 MP: 15/19
  9429 | D:8      | Reached * piety under Vehumet
  9429 | D:8      | Offered knowledge of Sandblast by Vehumet.
  9712 | D:8      | Noticed Joseph
  9823 | D:8      | Killed Joseph
  9824 | D:8      | Reached skill level 8 in Spellcasting
 11061 | D:8      | Learned a level 1 spell: Sandblast
 11221 | D:9      | Noticed a two-headed ogre
 11231 | D:9      | Killed a two-headed ogre
 11232 | D:9      | Gained mutation: You sometimes gain power by taking damage.
                  | [demonic ancestry]
 11232 | D:9      | Reached XP level 10. HP: 55/64 MP: 10/22
 11734 | D:9      | Reached ** piety under Vehumet
 11734 | D:9      | Offered knowledge of Static Discharge by Vehumet.
 11741 | D:9      | Reached skill level 9 in Spellcasting
 11861 | D:9      | Reached skill level 1 in Staves
 11985 | D:9      | Reached skill level 1 in Fighting
 12010 | D:9      | Found a staircase to the Lair.
 12999 | D:10     | Entered Level 10 of the Dungeon
 13012 | D:10     | HP: 1/65 [something (12)]
 13228 | D:10     | Offered knowledge of Ignite Poison by Vehumet.
 13230 | D:10     | Paralysed by a hornet for 3 turns
 13234 | D:10     | Reached skill level 10 in Spellcasting
 13234 | D:9      | Succumbed to a hornet's poison

Illustrated notes

Levels and vault maps discovered:
D:1:      minmay_arrival_diagonal_passages, layout_loops_cross, serial_forest,
          infiniplex_forest_clump_small, infiniplex_forest_clump_medium,
          infiniplex_forest_clump_double, infiniplex_forest_end_2
D:2:      layout_basic, basic_altar, minmay_pentomino_v4
D:3:      layout_basic, elyvilon_altar_1, gammafunk_temple_overflow_wave,
          serial_forest, infiniplex_forest_clump_tiny,
          infiniplex_forest_straight_5, infiniplex_forest_corner_1,
          infiniplex_forest_lined_2, infiniplex_forest_clump_small,
          lemuel_flame_loot_1
D:4:      corexii_shack_village, layout_basic, nicolae_shop_clearance
D:5:      layout_loops_cross, cheibrodos_sewer_entry_drain
D:6:      layout_rooms, minmay_temple_entry_statues_pillars,
          hangedman_abyss_or_decor_passed
D:7:      layout_basic, grunt_decor_one_mirror, minmay_misc_feat_square,
          minivault_1
D:8:      layout_layer_cave, uniq_joseph
D:9:      layout_basic, minmay_lair_entry_grove
D:10:     layout_small_grid, ploomutoo_gammafunk_ghost_potion_laboratory,
          minmay_unpleasant_kobolds
Temple:   hellmonk_temple_of_storms

Skill      XL: |  1  2  3  4  5  6  7  8  9 10 |
---------------+-------------------------------+-----
Fire Magic     | 3 4 5 6 8 9 |  9.6
Dodging        | 2 3 |  3.0
Spellcasting   | 3 4 5 7 8 10 | 10.0
Conjurations   | 3 5 6 7 |  7.0
Shields        | 1 2 |  2.4
Staves         | 1 |  1.3
Fighting       | 1 |  1.2
Stealth        | |  1.7

Action                   |  1- 3 |  4- 6 |  7- 9 | 10-12 || total
-------------------------+-------+-------+-------+-------++-------
Melee: Club              |     5 |       |       |       ||     5
       Quarterstaff      |       |     9 |       |    19 ||    28
       Staff             |       |       |     7 |     1 ||     8
 Cast: Foxfire           |    81 |   150 |   192 |    41 ||   464
       Scorch            |     4 |    32 |    64 |    15 ||   115
       Flame Wave        |       |       |     4 |    17 ||    21
  Use: Potion            |       |     3 |       |     2 ||     5
       Scroll            |       |     9 |    10 |       ||    19
Armor: Robe              |     1 |     6 |     7 |    13 ||    27
Dodge: Dodged            |    17 |    30 |    30 |    52 ||   129
Block: Other             |     1 |     7 |    28 |    24 ||    60

Table legend: (Time is in decaauts)
 A = Elapsed time spent in this place.
 B = Non-inter-level travel time spent in this place.
 C = Inter-level travel time spent in this place.
 D = Time resting spent in this place.
 E = Time spent auto-exploring this place.
 F = Levels seen in this place.
 G = Mean time per level.
                   A        B        C        D        E       F      G
               +--------+--------+--------+--------+--------+-----+--------+
         Total |  13272 |  12852 |    420 |    391 |  10699 |  12 | 1106.0 |
       Dungeon |  11950 |  11538 |    412 |    269 |   9759 |  10 | 1195.0 |
        Temple |     59 |     52 |      7 |      0 |     33 |   1 |   59.0 |
         Sewer |   1262 |   1262 |      0 |    122 |    906 |   1 | 1262.0 |
               +--------+--------+--------+--------+--------+-----+--------+

Top non-repeatable levels by time:
     D:9: 2062 daAuts
     D:8: 1817 daAuts
     D:4: 1620 daAuts
     D:5: 1386 daAuts
   Sewer: 1262 daAuts
     D:1: 1197 daAuts
     D:3: 1135 daAuts
     D:2: 926 daAuts
     D:6: 890 daAuts
     D:7: 886 daAuts
  Temple: 59 daAuts
    D:10: 27 daAuts
